 Dungeon Crawl Stone Soup version 0.17-a0-1186-gbffdd7f (webtiles) character file.

32 Roil the Digger (level 3, -10/21 HPs)
             Began as a Gargoyle Earth Elementalist on June 1, 2015.
             Engulfed by a cloud of flame (22 damage)
             ... on level 2 of the Dungeon.
             The game lasted 00:04:40 (1644 turns).

Roil the Digger (Gargoyle Earth Elementalist)       Turns: 1644, Time: 00:04:40

Health: -10/21     AC:  7    Str: 11    XL:     3   Next: 25%
Magic:  6/6        EV: 12    Int: 16    God:
Gold:   85         SH:  0    Dex: 10    Spells: 2 memorised, 3 levels left

rFire  . . .     SeeInvis .     a - 109 stones
rCold  . . .     Clarity  .     b - +0 robe
rNeg   + . .     SustAt   .     (no shield)
rPois  ∞         Gourm    .     (no helmet)
rElec  +         Spirit   .     n - +0 cloak
rCorr  .         Warding  .     f - +0 pair of gloves
rMut   .         Stasis   .     (no boots)
MR     .....                    (no amulet)
Stlth  ++........               (no ring)
                                (no ring)

@: not resistant to hostile enchantments, unstealthy
A: negative energy resistance 1, electricity resistance, unbreathing,
petrification resistance, rot immunity, AC +3
a: no special abilities


You were on level 2 of the Dungeon.
You were hungry.

You visited 1 branch of the dungeon, and saw 2 of its levels.

You collected 85 gold pieces.

Inventory:

Hand weapons
 p - a +0 great sword
Missiles
 a - 109 stones (in hand)
Armour
 b - a +0 robe (worn)
 f - a +0 pair of gloves (worn)
 n - a +0 cloak (worn)
Scrolls
 g - a scroll of amnesia {unknown}
 h - 3 scrolls of remove curse {unknown}
 j - 2 scrolls of fog {unknown}
 r - a scroll of fear {unknown}
Potions
 e - a potion of flight {unknown}
 i - a potion of brilliance {unknown}
 k - a potion of ambrosia {unknown}
 m - a potion of haste {unknown}
 o - a potion of degeneration {unknown}
 q - a potion of mutation {unknown}
Books
 c - a book of Geomancy

   Spells                             Type                      Level
   a - Sandblast                      Earth                        1
   b - Stoneskin                      Transmutation/Earth          2
   c - Passwall                       Transmutation/Earth          3
   d - Stone Arrow                    Conjuration/Earth            3
   e - Petrify                        Transmutation/Earth          4
   f - Lee's Rapid Deconstruction     Earth                        5
Comestibles
 d - 2 bread rations
 l - a beef jerky


   Skills:
 - Level 2.0 Fighting
 + Level 2.1 Armour
 - Level 1.5 Dodging
 - Level 2.1 Stealth
 - Level 2.0 Spellcasting
 - Level 0.7 Transmutations
 - Level 3.6 Earth Magic


You had 3 spell levels left.
You knew the following spells:

 Your Spells              Type           Power        Failure   Level  Hunger
a - Sandblast             Erth           ##....       6%          1    #......
b - Stoneskin             Trmt/Erth      #.......     14%         2    ###....


Dungeon Overview and Level Annotations

Branches:
Dungeon (2/15)

Altars:
Dithmenos


Innate Abilities, Weirdness & Mutations

You are resistant to torment.
Your stone body is resilient (AC +3).
You are immune to poison.
You resist negative energy.
You are resistant to electric shocks.
You can survive without breathing.
You are immune to petrification.
You are immune to rotting.


Message History

You continue eating. x2
Found a stone staircase leading up.
You see here a rat skeleton.
Things that are here:
a club; a hobgoblin corpse
There is an open door here.
There is an open door here.
You are feeling hungry.
There is a stone staircase leading down here.
Partly explored, can't reach some items and places.
Partly explored, can't reach some items and places.
Really walk into a travel-excluded area?
Really walk into that cloud of flame?
You are engulfed in roaring flames.
Really walk into that cloud of flame? [Y]es or [N]o only, please.
Really walk into that cloud of flame?
You are engulfed in roaring flames.
Ouch! That really hurt!
You die...

# #.##.......# ##.# #.# #
#.##.##.#.## #.# #.# #
#.......#..# #.# #.# #
#########...# #.# #.# #
#.§§# #.# #.# # #§§§# #.#
#.# ##### #§§§# #.####.#
....#######...#####......#
...^...§§§.$/[.§@§..######
....#..§§§.?)..§§§..#
....##.§§§.!=?.§§§.##
....# #####...###### ....#
#§§§# ....# #§§§# #####
#§.§# # #...#
###########).#


There were no monsters in sight!

Vanquished Creatures
  An adder (D:2)
  A bat (D:2)
  A giant cockroach (D:1)
  3 hobgoblins (D:2)
  A ball python (D:2)
  4 giant newts
  A goblin (D:1)
  11 kobolds
  3 rats
26 creatures vanquished.

Vanquished Creatures (others)
  An adder (D:2)
1 creature vanquished.

Grand Total: 27 creatures vanquished

Notes
Turn   | Place    | Note
--------------------------------------------------------------
     0 | D:1      | Roil the Gargoyle Earth Elementalist began the quest for the Orb.
     0 | D:1      | Reached XP level 1. HP: 10/10 MP: 3/3
   141 | D:1      | Reached skill level 1 in Fighting
   298 | D:1      | Reached XP level 2. HP: 17/17 MP: 3/5
   445 | D:1      | Learned a level 2 spell: Stoneskin
  1018 | D:2      | Reached skill level 1 in Armour
  1018 | D:2      | Reached XP level 3. HP: 19/21 MP: 0/6
  1137 | D:2      | Found a shadowy altar of Dithmenos.
  1644 | D:2      | Engulfed by a cloud of flame

Vault maps used:
D:1:      co_arrival_square_in_a_square_in_a_square
D:2:      nicolae_dithmenos_through_a_glass_darkly, lemuel_flame_loot_1

Action                   || total
-------------------------++-------
Melee: Whip              ||     4
 Cast: Sandblast         ||    34
  Eat: Chunk             ||     2
